 Dungeon Crawl Stone Soup version 0.29.1-4-g47bece8355 (webtiles) character file.

Game seed: 5261839929415734204

2147 Hercules1031 the Magician (level 9, -6/45 HPs)
             Began as a Deep Elf Conjurer on Dec 11, 2022.
             Was an Initiate of Vehumet.
             Mangled by a yak (13 damage)
             ... on level 7 of the Dungeon.
             The game lasted 00:27:45 (6817 turns).

Hercules1031 the Magician (Deep Elf Conjurer)       Turns: 6817, Time: 00:27:45

Health: -6/45      AC:  9    Str:  4    XL:     9   Next: 9%
Magic:  8/31       EV: 15    Int: 28    God:    Vehumet [......]
Gold:   305        SH:  0    Dex: 20    Spells: 15/23 levels left

rFire   . . .      SeeInvis .   d - staff of conjuration
rCold   x . .      Faith    .   (no shield)
rNeg    . . .      Spirit   .   o - +0 leather armour
rPois   .          Reflect  .   (no helmet)
rElec   .          Harm     .   p - +1 cloak
rCorr   .          Rampage  +   w - +0 pair of gloves "Varretz" {rC- Dex+7}
Will    .....                   i - +2 pair of boots {rampage}
Stlth   +++.......              (no amulet)
HPRegen 0.15/turn               r - ring of magical power
MPRegen 0.22/turn               (no ring)

@: hasted and slowed
A: no striking features
a: Renounce Religion


You were on level 7 of the Dungeon.
You worshipped Vehumet.
Vehumet was noncommittal.
You visited 2 branches of the dungeon, and saw 8 of its levels.

You collected 305 gold pieces.

Inventory:

Hand Weapons
 g - the +5 war axe "Mudell" {spect, Dex+3}
   (You found it on level 2 of the Dungeon)

   When its wielder attacks, the weapon's spirit leaps out and strikes again.
   The spirit shares a part of any damage it takes with its wielder.
   Dex:       It affects your dexterity (+3).
Armour
 a - a +0 robe
 i - a +2 pair of boots of rampaging (worn)
 o - a +0 leather armour (worn)
 p - a +1 cloak (worn)
 w - the +0 pair of gloves "Varretz" (worn) {rC- Dex+7}
   (You found it on level 5 of the Dungeon)

   Dex:       It affects your dexterity (+7).
   rC:        It makes you vulnerable to cold.
Magical Staves
 d - a staff of conjuration (weapon)
 l - a staff of air
Jewellery
 r - a ring of magical power (left hand)
Wands
 h - a wand of flame (19)
 t - a wand of iceblast (6)
Scrolls
 m - a scroll of immolation
 q - 2 scrolls of identify
 x - a scroll of enchant weapon
Potions
 b - a potion of magic
 c - 2 potions of lignification
 e - 4 potions of curing
 j - a potion of degeneration {unknown}
 k - 2 potions of attraction {unknown}
 n - a potion of invisibility {unknown}
 s - a potion of mutation {unknown}
 v - a potion of ambrosia {unknown}


   Skills:
 + Level 4.4 Staves
 - Level 1.0 Armour
 + Level 6.7 Dodging
 + Level 4.8 Stealth
 + Level 7.9 Spellcasting
 + Level 7.1 Conjurations
 + Level 5.0 Evocations


You had 15 spell levels left.
You knew the following spells:

 Your Spells              Type           Power      Damage    Failure   Level
a - Magic Dart            Conj           100%       1d8       1%          1
b - Shock                 Conj/Air       100%       1d9       1%          1
c - Searing Ray           Conj           100%       2d8       1%          2
d - Iskenderun's Mystic   Conj/Tloc      46%        2d10      21%         4

Your spell library contained the following spells:

 Spells                   Type           Power      Damage    Failure   Level
 Dazzling Flash           Conj/Hex       92%        N/A       6%          3
 Apportation              Tloc           22%        N/A       9%          1
 Necrotise                Necr           44%        1d6       9%          1
 Summon Small Mammal      Summ           44%        N/A       9%          1
 Fulminant Prism          Conj/Hex       23%        3d13      21%         4
 Gell's Gravitas          Tloc           11%        N/A       26%         3
 Lesser Beckoning         Tloc           11%        N/A       26%         3
 Summon Guardian Golem    Hex/Summ       11%        N/A       26%         3
 Swiftness                Air            11%        N/A       26%         3
 Teleport Other           Tloc           11%        N/A       26%         3
 Airstrike                Air            5%         2d(1-17)  65%         4
 Passage of Golubria      Tloc           11%        N/A       65%         4
 Silence                  Hex/Air        5%         N/A       94%         5
 Orb of Destruction       Conj           33%        9d10      98%         7
 Spellforged Servitor     Conj/Summ      23%        N/A       100%        7
 Lehudib's Crystal Spear  Conj/Erth      23%        10d6      100%        8


Dungeon Overview and Level Annotations

Branches:
Dungeon (7/15)             Temple (1/1) D:6

Altars:
Ashenzari
Cheibriados
Dithmenos
Elyvilon
Fedhas
Gozag
Hepliaklqana
Kikubaaqudgha
Makhleb
Nemelex Xobeh
Qazlal
Ru
Uskayaw
Vehumet
Xom
Zin
The Shining One


Message History

Your Evocations skill increases to level 5!
Okay, then.
You feel yourself speed up.
The bullfrog hits you but does no damage.
The bullfrog completely misses you. The yak misses you.
The ice beast barely misses you.
The two-headed ogre hits you with a +0 dire flail.
The two-headed ogre barely misses you.
Unknown command.
Casting: Searing Ray (safe; 1% risk of failure)
Confirm with . or Enter, or press ? or * to list all spells.
Aiming: Searing Ray (safe; 1% risk of failure)
Press: ? - help, Shift-Dir - straight line, f - ice beast
Aim: an ice beast (83% to hit)
You feel a surge of power!
The searing ray hits the ice beast!
The ice beast is moderately wounded. (Press . to maintain the ray.)
The bullfrog closely misses you. The ice beast completely misses you.
The yak gores you but does no damage.
The bullfrog hits you but does no damage.
Unknown command.
The searing ray hits the ice beast!
The ice beast is heavily wounded.
The bullfrog misses you.
The two-headed ogre hits you with a +0 dire flail.
* * * LOW HITPOINT WARNING * * *
The two-headed ogre misses you. The yak gores you!
* * * LOW HITPOINT WARNING * * *
The ice beast hits you but does no damage.
The searing ray hits the ice beast!
The ice beast is severely wounded.
The bullfrog closely misses you. The yak closely misses you.
The ice beast completely misses you. The bullfrog closely misses you.
The two-headed ogre barely misses you. The two-headed ogre closely misses you.
The searing ray hits the ice beast.
The ice beast is almost dead.
You finish channelling your searing ray.
The bullfrog closely misses you. The ice beast completely misses you.
The yak gores you!
You die...

#........#.........##...
####.....#...y.....#....
##....................
#...###...............
#..#. #......#........
#.##..##.....)#........
... ...........†........
#. #...#...#.#Y#.......
...#...#..#@#.......
..#...#?.)OYF.......
...#...#...o........
...#...#...........
.Y.................
.#...#.............
...#..........##
..$#..........#
.#...##....###


You could see a two-headed ogre, a yak, an orc warrior (resistant), an ice
beast, a bullfrog and a killer bee (wandering).

Vanquished Creatures
  The ghost of ripuliukko the Digger, a novice GrEE of Vehumet (D:5)
  Prince Ribbit (D:5)
  A wraith (D:7)
  An ice beast (D:6)
  2 sky beasts (D:6)
  2 ogres
  2 phantoms
  2 bullfrogs
  A necrophage (D:7)
  2 scorpions
  5 wights (D:7)
  A hound (D:5)
  4 jellies
  Crazy Yiuf (D:4)
  2 iguanas
  An orc wizard (D:5)
  2 gnolls
  7 adders
  A white imp (D:5)
  An ufetubus (D:5)
  3 worms
  2 dart slugs
  8 orcs
  5 endoplasms
  5 giant cockroaches
  5 goblins
  3 hobgoblins
  4 kobolds
  3 quokkas (D:2)
  8 ball pythons
  2 bats (D:1)
  5 frilled lizards
  9 rats
102 creatures vanquished.

Vanquished Creatures (others)
  3 fungi (D:1)
3 creatures vanquished.

Grand Total: 105 creatures vanquished

Notes
Turn   | Place    | Note
-------+----------+-------------------------------------------
     0 | D:1      | Hercules1031 the Deep Elf Conjurer began the quest for the
                  | Orb.
     0 | D:1      | Reached XP level 1. HP: 10/10 MP: 6/6
   153 | D:1      | Reached XP level 2. HP: 15/15 MP: 0/8
   155 | D:1      | Learned a level 1 spell: Shock
   158 | D:1      | Learned a level 2 spell: Searing Ray
   604 | D:1      | Found a faded altar of an unknown god.
   752 | D:1      | Reached XP level 3. HP: 19/19 MP: 7/10
   968 | D:2      | Identified the +5 war axe "Mudell" {spect, Dex+3}
  2021 | D:3      | Reached XP level 4. HP: 24/24 MP: 10/12
  2379 | D:3      | Learned a level 4 spell: Iskenderun's Mystic Blast
  2458 | D:3      | Identified a scroll of acquirement
  2458 | D:3      | Acquired a staff of conjuration
  2797 | D:4      | Noticed a scorpion
  2804 | D:4      | Killed a scorpion
  2805 | D:4      | Reached skill level 5 in Conjurations
  2805 | D:4      | Reached XP level 5. HP: 28/28 MP: 14/14
  2917 | D:4      | Reached skill level 1 in Staves
  2917 | D:4      | Reached skill level 1 in Evocations
  3410 | D:4      | Noticed an ogre
  3421 | D:4      | Killed an ogre
  3422 | D:4      | Reached skill level 1 in Armour
  3422 | D:4      | Reached skill level 5 in Spellcasting
  3422 | D:4      | Reached XP level 6. HP: 32/32 MP: 15/15
  3655 | D:4      | Found a runed translucent door.
  3656 | D:4      | Noticed Crazy Yiuf
  3708 | D:4      | Killed Crazy Yiuf
  3872 | D:5      | Entered Level 5 of the Dungeon
  4212 | D:5      | Noticed Prince Ribbit
  4308 | D:5      | Reached XP level 7. HP: 36/36 MP: 17/17
  4361 | D:5      | Found a runed translucent door.
  4362 | D:5      | Noticed ripuliukko's ghost (novice GrEE)
  4382 | D:5      | Killed ripuliukko's ghost
  4383 | D:5      | Reached skill level 5 in Dodging
  4386 | D:5      | Found a runed translucent door.
  4590 | D:5      | Identified the +0 pair of gloves "Varretz" {rC- Dex+7}
  4805 | D:5      | Killed Prince Ribbit
  4806 | D:5      | Reached XP level 8. HP: 41/41 MP: 20/20
  5423 | D:6      | Found a staircase to the Ecumenical Temple.
  5444 | Temple   | Entered the Ecumenical Temple
  5675 | Temple   | Became a worshipper of Vehumet
  6595 | D:7      | Noticed a two-headed ogre
  6785 | D:7      | Reached XP level 9. HP: 45/45 MP: 22/22
  6813 | D:7      | Reached skill level 5 in Evocations
  6817 | D:7      | Mangled by a yak

Illustrated notes

Levels and vault maps discovered:
D:1:      saegor_arrival_fortress, layout_rooms,
          shapermc_ecumenical_altar_mp_ritualfount
D:2:      layout_basic
D:3:      layout_basic, dreamdust_wishing_well, minmay_misc_feat_room,
          nicolae_concentric_dashed_squares_wild
D:4:      layout_loops_ring, uniq_crazy_yiuf_cottage
D:5:      layout_gridville, ebering_ghost_sewer_f, cheibrodos_sewer_entry_drain,
          uniq_prince_ribbit1
D:6:      layout_basic, minmay_temple_entry_statues_fountains
D:7:      cheibrodos_fzero, layout_rooms, kennysheep_generic_room_10
Temple:   bh_familiar_temple

Skill      XL: |  1  2  3  4  5  6  7  8  9 |
---------------+----------------------------+-----
Stealth        | 3 4 |  4.8
Dodging        | 3 4 5 6 |  6.7
Spellcasting   | 4 5 6 7 |  7.9
Conjurations   | 5 6 7 |  7.1
Staves         | 1 2 3 4 |  4.4
Evocations     | 1 2 3 4 5 |  5.0
Armour         | 1 |  1.0

Action                   |  1- 3 |  4- 6 |  7- 9 || total
-------------------------+-------+-------+-------++-------
Melee: Staff             |       |    31 |    19 ||    50
 Cast: Magic Dart        |    69 |    73 |    28 ||   170
       Shock             |     8 |       |    17 ||    25
       Searing Ray       |       |    11 |    31 ||    42
  Use: Scroll            |       |     8 |     6 ||    14
       Potion            |       |       |     3 ||     3
Armor: Leather armour    |       |    28 |    42 ||    70
Dodge: Dodged            |     3 |    14 |    63 ||    80
